 Dungeon Crawl Stone Soup version 0.25-a0-578-gc91f01c39c (webtiles) character file.

Game seed: 4125029375925707228, levelgen mode: deterministic

127 ReteAZ the Slasher (level 5, -4/38 HPs)
             Began as a Merfolk Gladiator on Mar 3, 2020.
             Was an Initiate of Okawaru.
             Slain by an orc priest
             ... wielding a +2 flail of protection
              (5 damage)
             ... on level 3 of the Dungeon.
             The game lasted 00:03:05 (2152 turns).

ReteAZ the Slasher (Merfolk Gladiator)              Turns: 2152, Time: 00:03:05

Health: -4/38      AC:  4    Str: 14    XL:     5   Next: 11%
Magic:  5/5        EV: 14    Int:  7    God:    Okawaru [......]
Gold:   147        SH:  0    Dex: 17    Spells: 4/4 levels left

rFire    . . .     SeeInvis .   v - +2 dagger (vamp)
rCold    . . .     Gourm    .   (no shield)
rNeg     . . .     Faith    .   p - +0 leather armour (curse)
rPois    +         Spirit   .   c - +0 helmet
rElec    .         Reflect  .   (no cloak)
rCorr    .         Harm     .   (no gloves)
MR       .....                  (no boots)
Stlth    +.........             (no amulet)
HPRegen  0.12/turn              g - ring of poison resistance
MPRegen  0.09/turn              (no ring)

@: brilliant, stab, flying
A: change form in water, swift swim, stealthy swim
a: Renounce Religion


You were on level 3 of the Dungeon.
You worshipped Okawaru.
Okawaru was noncommittal.
You were not hungry.

You visited 1 branch of the dungeon, and saw 3 of its levels.

You collected 147 gold pieces.

Inventory:

Hand Weapons
 a - a +0 long sword
 v - a +2 vampiric dagger (weapon)
Missiles
 d - 3 throwing nets
 k - 6 curare-tipped darts (quivered)
 q - 53 stones
Armour
 b - a +0 leather armour
 c - a +0 helmet (worn)
 p - a cursed +0 leather armour (worn)
Jewellery
 g - a ring of poison resistance (left hand)
Wands
 r - a wand of paralysis (8)
Scrolls
 e - 4 scrolls of identify {unknown}
 i - a scroll of teleportation {unknown}
 j - a scroll of remove curse {unknown}
 n - a scroll of random uselessness {unknown}
 o - a scroll of enchant weapon {unknown}
 t - a scroll of amnesia {unknown}
 u - a scroll of immolation {unknown}
 w - a scroll of fog {unknown}
Comestibles
 f - 7 rations
 s - 6 chunks of flesh


   Skills:
 - Level 2.1 Fighting
 + Level 6.2 Long Blades
 - Level 2.0 Throwing
 - Level 4.0 Dodging


You had 4 spell levels left.
You didn't know any spells.
Your spell library was empty.

Dungeon Overview and Level Annotations

Branches:
Dungeon (3/15)

Altars:
Cheibriados
Elyvilon
Hepliaklqana
Makhleb
Nemelex Xobeh
Okawaru
Ru
Sif Muna
Trog
Uskayaw
Xom
Yredelemnul
Zin


Message History

The orc completely misses you. The orc wizard closely misses you.
The orc priest hits you with a +2 flail of protection.
* * * LOW HITPOINT WARNING * * *
It was a potion of flight.
You feel very buoyant.
You fly up into the air.
The orc misses you.
The orc wizard gestures at you while chanting.
The magic dart hits you.
* * * LOW HITPOINT WARNING * * *
The orc priest hits you with a +2 flail of protection.
* * * LOW HITPOINT WARNING * * *
It was a potion of stabbing.
You feel ready to backstab. The orc closely misses you.
The orc wizard hits you with a +0 dagger.
* * * LOW HITPOINT WARNING * * *
You hit the orc priest but do no damage.
The orc priest is moderately wounded.
The orc priest hits you with a +2 flail of protection.
You die...

...####### ######......
..........# #.#....
..........##### #.#....
.............######......
####.......###......#......
...........###......#<.....
.............#......###.###
.........o.#.#..........#
os......so@.........#####
......####o.........#
.b.... #.........)# .....
#..........# ..b.
#.....###### $) #[....... .
#........ ####..... .....


You could see an orc priest, an orc wizard, an orc and a giant cockroach.

Vanquished Creatures
  6 adders
  An ooze (D:3)
  2 worms
  3 dart slugs
  An orc (D:3)
  5 bats
  3 giant cockroaches
  7 goblins
  5 hobgoblins
  5 jackals (D:2)
  2 ball pythons
  5 frilled lizards
  6 kobolds
  4 rats
55 creatures vanquished.

Notes
Turn   | Place    | Note
-------+----------+-------------------------------------------
     0 | D:1      | ReteAZ the Merfolk Gladiator began the quest for the Orb.
     0 | D:1      | Reached XP level 1. HP: 16/16 MP: 1/1
   251 | D:1      | Reached XP level 2. HP: 21/22 MP: 2/2
   256 | D:1      | Reached skill level 4 in Long Blades
   786 | D:2      | Reached XP level 3. HP: 24/27 MP: 3/3
   862 | D:2      | Reached skill level 5 in Long Blades
   940 | D:2      | Reached XP level 4. HP: 22/33 MP: 4/4
  1216 | D:2      | Found a burning altar of Makhleb.
  1216 | D:2      | Noticed a cacodemon
  1759 | D:2      | Found a snail-covered altar of Cheibriados.
  1771 | D:2      | Found a shimmering blue altar of Sif Muna.
  1772 | D:2      | Found a shimmering altar of Xom.
  1772 | D:2      | Found a glowing silver altar of Zin.
  1772 | D:2      | Found a hazy altar of Hepliaklqana.
  1772 | D:2      | Found a white marble altar of Elyvilon.
  1772 | D:2      | Found a basalt altar of Yredelemnul.
  1773 | D:2      | Found an iron altar of Okawaru.
  1774 | D:2      | Found a sacrificial altar of Ru.
  1775 | D:2      | Found a hide-covered altar of Uskayaw.
  1776 | D:2      | Found a sparkling altar of Nemelex Xobeh.
  1777 | D:2      | Found a bloodstained altar of Trog.
  1792 | D:2      | Became a worshipper of Warmaster Okawaru
  2048 | D:3      | Reached skill level 6 in Long Blades
  2057 | D:3      | Reached XP level 5. HP: 36/38 MP: 5/5
  2151 | D:3      | HP: 1/38 [orc wizard/+0 dagger (3)]
  2152 | D:3      | Slain by an orc priest

Levels and vault maps discovered:
D:1:      dpeg_arrival_lava_temple_mockup, layout_basic, amethyst_killhole,
          minmay_misc_feat_tiny
D:2:      layout_basic, minitemple, first_ration, makhleb_altar_promises_db
D:3:      layout_basic

Skill      XL: |  1  2  3  4 |
---------------+-------------+-----
Long Blades    | 4 5 6 |  6.2
Fighting       | |  2.1
Throwing       | |  2.0
Dodging        | |  4.0

Action                   |  1- 3 |  4- 6 || total
-------------------------+-------+-------++-------
Melee: Long sword        |    66 |    33 ||    99
       Dagger            |       |    63 ||    63
  Use: Potion            |       |     3 ||     3
 Stab: Sleeping          |     1 |       ||     1
  Eat: Chunk             |       |     4 ||     4
Armor: Leather armour    |    16 |    14 ||    30
Dodge: Dodged            |    59 |    71 ||   130
       Rpst.: Long sword |    19 |    10 ||    29

Table legend:
 A = Non-vault XP
 B = Vault XP
 C = Vault XP percentage of total XP
 D = Non-vault monster count
 E = Vault monster count
 F = Vault count percentage of total count
                 A         B        C        D         E       F
            +---------+---------+-------+---------+---------+-------
      Total |     182 |       0 |   0.0 |      55 |       0 |   0.0
            +---------+---------+-------+---------+---------+-------
        D:1 |      20 |       0 |   0.0 |      12 |       0 |   0.0
        D:2 |     121 |       0 |   0.0 |      32 |       0 |   0.0
        D:3 |      41 |       0 |   0.0 |      11 |       0 |   0.0
            +---------+---------+-------+---------+---------+-------
